 Dungeon Crawl Stone Soup version 0.32-a0-834-geaf45d8e21 (webtiles) character file.

Game seed: 8289850746709024531

92 pokeman the Magician (level 4, -7/25 HPs)
             Began as a Deep Elf Hedge Wizard on Mar 25, 2024.
             Killed by miscasting Mephitic Cloud (10 damage)
             ... on level 3 of the Dungeon.
             The game lasted 00:04:05 (3214 turns).

pokeman the Magician (Deep Elf Hedge Wizard)        Turns: 3214, Time: 00:04:06

Health: -7/25      AC:  2    Str:  7    XL:     4   Next: 35%
Magic:  6/13       EV: 11    Int: 21    God:
Gold:   134        SH:  0    Dex: 14    Spells: 6/14 levels left

rFire   . . .        j - +2 sling (drain)
rCold   . . .        (no shield)
rNeg    . . .        b - +0 robe
rPois   .            c - +0 hat
rElec   .            (no cloak)
rCorr   .            (no gloves)
SInv    .            (no boots)
Will    .....        (no amulet)
Stlth   ++           (no ring)
HPRegen 0.24/turn    (no ring)
MPRegen 0.13/turn

%: no passive effects
@: very slightly contaminated
A: no striking features
a: no special abilities


You were on level 3 of the Dungeon.
You visited 1 branch of the dungeon, and saw 3 of its levels.

You collected 134 gold pieces.

Inventory:

Hand Weapons
 j - a +2 sling of draining (weapon)
Armour
 b - a +0 robe (worn)
 c - a +0 hat (worn)
Scrolls
 a - a scroll of blinking {unknown}
 e - a scroll of immolation {unknown}
 g - 2 scrolls of noise {unknown}
 k - a scroll of vulnerability {unknown}
Potions
 d - a potion of magic
 f - 3 potions of heal wounds {unknown}
 h - a potion of might {unknown}
 i - a potion of degeneration {unknown}


   Skills:
 - Level 1.0 Fighting
 - Level 1.0 Armour
 + Level 2.7 Dodging
 + Level 2.7 Stealth
 * Level 5.6 Spellcasting
 + Level 2.2 Conjurations
 - Level 1.1 Summonings
 - Level 1.1 Translocations


You had 6 spell levels left.
You knew the following spells:

 Your Spells              Type           Power      Damage    Failure   Level
a - Magic Dart            Conj           60%        1d6       4%          1
b - Mephitic Cloud        Conj/Alch/Air  9%         N/A       22%         3
c - Call Imp              Summ           20%        N/A       10%         2
d - Blink                 Tloc           20%        N/A       10%         2

Your spell library contained the following spells:

 Spells                   Type           Power      Damage    Failure   Level
 Slow                     Hex            20%        N/A       10%         1
 Cigotuvi's Dreadful Rot  Necr/Alch/Air  10%        N/A       16%         2


Dungeon Overview and Level Annotations

Branches:
Dungeon (3/15)

Altars:

Annotations:
D:3 Ijyb


Message History

Ijyb appears confused.
The quokka is engulfed in noxious fumes.
The quokka appears confused.
The quokka bites you but does no damage.
Ijyb is engulfed in noxious fumes.
Ijyb appears confused.
The ball python bites you. The ball python constricts you.
You escape the ball python's grasp.
The quokka is engulfed in noxious fumes.
The quokka appears confused.
Unknown command.
The quokka is engulfed in noxious fumes.
The quokka appears confused.
The quokka is engulfed in noxious fumes.
The quokka appears confused.
Unknown command.
You're too confused to cast spells.
You're too confused to move!
The ball python attacks as it pursues you!
The ball python bites you but does no damage.
The ball python grabs you. The ball python constricts you.
The orc hits you with a +0 mace.
* * * LOW HITPOINT WARNING * * *
Something hits the adder.
The ball python bites you.
* * * LOW HITPOINT WARNING * * *
The ball python constricts you.
* * * LOW HITPOINT WARNING * * *
Unknown command.
You're too confused to move!
You feel less confused. The ball python loses its grip on you.
The orc closely misses you.
Unknown command.
Casting: Mephitic Cloud (extremely dangerous; 22% risk of failure)
Confirm with . or Enter, or press ? or * to list all spells.
Aiming: Mephitic Cloud (extremely dangerous; 22% risk of failure)
Press: ? - help, Shift-Dir - straight line, f - orc, p - Ijyb
Aim: an orc, wielding a +0 mace, wearing a +0 ring mail and quivering boomerangs (chance to affect: 96%)
You miscast Mephitic Cloud.
You are very lightly contaminated with residual magic.
There is a short, sharp shower of sparks!
You die...

##.#. #.# ##.#..#.# . #
#..#.######## .. #
#............ #.# #
##....###############....
##.##....#..............#.#.#
##................Sg..r......
##.###.#.##.....o.##...#.#.#.
## ............@S++..g.... .#
##########.....##..#.#.# ##
##.#####........ #.#
#...#.#.#. ..# ....... . ..##
.....#.# .ß# ###


You could see Ijyb (confused), an adder (confused), an orc and a ball python.

Vanquished Creatures
  3 adders (D:2)
  2 dart slugs
  2 ribbon worms (D:2)
  12 ball pythons
  4 bats
  4 endoplasms
  A giant cockroach (D:2)
  3 goblins
  4 hobgoblins (D:1)
  A jackal (D:1)
  8 kobolds
  2 frilled lizards
  8 rats
54 creatures vanquished.

Vanquished Creatures (collateral kills)
  A goblin (D:2)
1 creature vanquished.

Grand Total: 55 creatures vanquished

Notes
Turn   | Place    | Note
-------+----------+-------------------------------------------
     0 | D:1      | pokeman the Deep Elf Hedge Wizard began the quest for the
                  | Orb.
     0 | D:1      | Reached XP level 1. HP: 10/10 MP: 7/7
   150 | D:1      | Reached XP level 2. HP: 16/16 MP: 7/9
  1225 | D:1      | Reached skill level 5 in Spellcasting
  1317 | D:1      | Reached XP level 3. HP: 20/20 MP: 8/11
  1323 | D:1      | Learned a level 3 spell: Mephitic Cloud
  1326 | D:1      | Learned a level 2 spell: Call Imp
  1329 | D:1      | Learned a level 2 spell: Blink
  1927 | D:2      | Reached skill level 1 in Fighting
  1934 | D:2      | Reached skill level 1 in Armour
  2677 | D:2      | Reached XP level 4. HP: 15/24 MP: 6/13
  3192 | D:3      | Noticed Ijyb
  3214 | D:3      | Killed by miscasting Mephitic Cloud

Illustrated notes

Levels and vault maps discovered:
D:1:      onia_arrival_handbag, layout_basic, minmay_split_cup_small
D:2:      layout_loops_ring, serial_glass, glass_columns_a, glass_columns_a,
          minivault_24, serial_park_tiny_2, grunt_decor_junction,
          kennysheep_generic_room_7
D:3:      layout_basic, mainiacjoe_overflow_brackets, minitemple,
          ebering_ecumenical_altar_webs, hex_medium, uniq_ijyb

Skill      XL: |  1  2  3 |
---------------+----------+-----
Spellcasting   | 5 |  5.6
Fighting       | 1 |  1.0
Armour         | 1 |  1.0
Conjurations   | 2 |  2.2
Dodging        | |  2.7
Stealth        | |  2.7
Summonings     | |  1.1
Translocations | |  1.1

Action                     |  1- 3 |  4- 6 || total
---------------------------+-------+-------++-------
  Melee: Dagger            |     7 |       ||     7
         Sling             |       |     2 ||     2
   Fire: Sling             |       |    22 ||    22
   Cast: Magic Dart        |   112 |     3 ||   115
         Mephitic Cloud    |     2 |     3 ||     5
         Call Imp          |     2 |       ||     2
   Stab: Confused          |     1 |       ||     1
 Armour: Robe              |    13 |    21 ||    34
  Dodge: Dodged            |    21 |    14 ||    35

Table legend: (Time is in decaauts)
 A = Elapsed time spent in this place.
 B = Non-inter-level travel time spent in this place.
 C = Inter-level travel time spent in this place.
 D = Time resting spent in this place.
 E = Time spent auto-exploring this place.
 F = Levels seen in this place.
 G = Mean time per level.
                   A        B        C        D        E       F      G
               +--------+--------+--------+--------+--------+-----+--------+
         Total |   3223 |   3112 |    111 |    171 |   2610 |   3 | 1074.3 |
       Dungeon |   3223 |   3112 |    111 |    171 |   2610 |   3 | 1074.3 |
               +--------+--------+--------+--------+--------+-----+--------+

Top non-repeatable levels by time:
     D:1: 1966 daAuts
     D:2: 1165 daAuts
     D:3: 91 daAuts
